 Dungeon Crawl Stone Soup version 0.28-b1-25-g9875b3fc8c (webtiles) character file.

Game seed: 2230646756132123171

42 croobank the Chiller (level 3, 0/22 (24) HPs)
             Began as a Vampire Ice Elementalist on Jan 31, 2022.
             Slain by a goblin (2 damage)
             ... led by Robin
             ... on level 2 of the Dungeon.
             The game lasted 00:06:14 (1759 turns).

croobank the Chiller (Vampire Ice Elementalist)     Turns: 1759, Time: 00:06:14

HP:   0/22 (24)     AC:  2    Str:  7    XL:     3   Next: 33%
MP:   6/6           EV: 12    Int: 19    God:
Gold: 107           SH:  0    Dex: 14    Spells: 3/7 levels left

rFire   . . .      SeeInvis +   d - +0 dagger
rCold   . . .      Faith    .   (no shield)
rNeg    . . .      Spirit   .   a - +0 robe
rPois   .          Reflect  .   (no helmet)
rElec   .          Harm     .   (no cloak)
rCorr   .          Rampage  .   (no gloves)
Will    .....                   (no boots)
Stlth   ++........              (no amulet)
HPRegen 0.27/turn               (no ring)
MPRegen 0.10/turn               (no ring)

@: healing quickly, drained
A: alive, fangs 3, see invisible, vampiric 2
a: Exsanguinate


You were on level 2 of the Dungeon.
You visited 1 branch of the dungeon, and saw 2 of its levels.

You collected 107 gold pieces.

Inventory:

Hand Weapons
 d - a +0 dagger (weapon)
Missiles
 i - 18 arrows
 k - 24 bolts
 m - 23 stones
Armour
 a - a +0 robe (worn)
 b - a +0 leather armour
Scrolls
 c - a scroll of teleportation {unknown}
 j - a scroll of blinking {unknown}
 l - a scroll of fear {unknown}
Potions
 e - a potion of curing
 f - a potion of haste {unknown}
 g - a potion of magic {unknown}
 h - a potion of degeneration {unknown}


   Skills:
 + Level 2.5 Dodging
 + Level 3.5 Stealth
 + Level 2.5 Spellcasting
 + Level 4.5 Ice Magic


You had 3 spell levels left.
You knew the following spells:

 Your Spells              Type           Power      Damage    Failure   Level
a - Freeze                Ice            76%        1d9       2%          1
b - Frozen Ramparts       Ice            38%        1d5       8%          3

Your spell library contained the following spells:

 Spells                   Type           Power      Damage    Failure   Level
 Ozocubu's Armour         Ice            19%        N/A       8%          3
 Hailstorm                Conj/Ice       11%        3d5       54%         4


Dungeon Overview and Level Annotations

Branches:
Dungeon (2/15)

Altars:

Annotations:
D:2 Robin


Innate Abilities, Weirdness & Mutations

Your natural rate of healing is accelerated.
You have razor-sharp teeth.
You have supernaturally acute eyesight. (SInv)
You are afflicted with vampirism and can become a bat while bloodless.


Message History

A hobgoblin and a goblin come into view.
Found a scroll labelled ISEKHL POENGATH.
The goblin shouts!
You hear a shout! x2
A goblin comes into view. It is wielding a +0 dagger.
Robin and a hobgoblin come into view.
Robin is wielding a +2 spectral club.
The hobgoblin shouts! x2
A goblin comes into view. It is wielding a +1 dagger of draining.
Robin roars a battlecry!
The goblins go into a battle-frenzy! 2 goblins and a hobgoblin come into view.
The goblin moves out of view.
Casting: Freeze (safe; 2% risk of failure)
Confirm with . or Enter, or press ? or * to list all spells.
Okay, then.
The hobgoblin shouts!
Robin throws the goblin at you! The goblin closely misses you.
The goblin shouts!
You hit the goblin.
The goblin is severely wounded.
You hear a shout!
The goblin closely misses you. The goblin barely misses you.
The goblin hits you with a +0 club. Robin throws the goblin at you!
The goblin hits you with a +1 dagger of draining.
You feel drained. The goblin hits you with a +0 club.
The goblin hits you with a +1 dagger of draining.
You feel drained. Robin throws the goblin at you!
The goblin closely misses you.
You barely miss the goblin. The goblin hits you with a +0 club.
* * * LOW HITPOINT WARNING * * *
The goblin hits you with a +0 dagger.
* * * LOW HITPOINT WARNING * * *
You hit the goblin.
The goblin is moderately wounded.
Robin says, "My goblins will feast on your bones."
The goblin closely misses you. The goblin hits you but does no damage.
You hit the goblin.
You kill the goblin!
The hobgoblin no longer looks unusually strong.
The goblin hits you with a +0 club.
You die...

### #.# #.# #)# #@#
###g#######
#.ggg.....#######
#...............##
#.g#g##.#........###
#.g#.##.#.####...#..
#g...........#...#..
#.........####......
g..................###


You could see Robin, 2 hobgoblins and 5 goblins.

Vanquished Creatures
  An adder (D:2)
  2 dart slugs
  5 ball pythons
  3 bats
  2 endoplasms
  A giant cockroach (D:2)
  4 goblins
  2 hobgoblins (D:1)
  3 quokkas
  4 frilled lizards
  A kobold (D:1)
28 creatures vanquished.

Notes
Turn   | Place    | Note
-------+----------+-------------------------------------------
     0 | D:1      | croobank the Vampire Ice Elementalist began the quest for
                  | the Orb.
     0 | D:1      | Reached XP level 1. HP: 13/13 MP: 3/3
   307 | D:1      | Found a faded altar of an unknown god.
   322 | D:1      | Reached XP level 2. HP: 19/19 MP: 3/5
  1605 | D:2      | Gained mutation: You are afflicted with vampirism and can
                  | become a bat while bloodless. [Vampire growth]
  1605 | D:2      | Reached XP level 3. HP: 13/24 MP: 3/6
  1668 | D:2      | Learned a level 3 spell: Frozen Ramparts
  1747 | D:2      | Noticed Robin
  1757 | D:2      | HP: 1/22 [goblin[Robin] (4)]
  1759 | D:2      | Slain by a goblin

Illustrated notes

Levels and vault maps discovered:
D:1:      nagdon_arrival_double_spiral, layout_basic,
          hellmonk_ecumenical_altar_run_dry, serial_park_tiny_2
D:2:      layout_basic, uniq_robin

Action                   || total
-------------------------++-------
Melee: Unarmed           ||    17
       Dagger            ||    62
       Bite              ||     6
 Cast: Freeze            ||    18
  Use: Potion            ||     2
 Stab: Sleeping          ||    11
Armor: Robe              ||    16
Dodge: Dodged            ||    66
